 Dungeon Crawl Stone Soup version 0.28.0-53-g5a82cb258f (webtiles) character file.

Game seed: 6024968518913008107

34288 Peloso the Fencer (level 13, -4/123 HPs)
             Began as a Minotaur Fighter on July 25, 2022.
             Was a High Priest of Okawaru.
             Slain by a five-headed hydra (11 damage)
             ... on level 3 of the Lair of Beasts.
             The game lasted 00:38:29 (20656 turns).

Peloso the Fencer (Minotaur Fighter)               Turns: 20656, Time: 00:38:30

Health: -4/123     AC: 22    Str: 24    XL:     13   Next: 41%
Magic:  11/13      EV: 14    Int:  5    God:    Okawaru [*****.]
Gold:   817        SH:  8    Dex: 12    Spells: 12/12 levels left

rFire   + . .      SeeInvis .   b - +1 scimitar (flame)
rCold   + . .      Faith    .   c - +0 buckler
rNeg    + + .      Spirit   .   g - +1 plate armour {rN+}
rPois   .          Reflect  .   (helmet restricted)
rElec   .          Harm     .   s - scarf {rC+ rF+}
rCorr   .          Rampage  +   (no gloves)
Will    .....                   J - +0 pair of boots {rampage}
Stlth   ..........              (no amulet)
HPRegen 0.30/turn               n - +4 ring of evasion
MPRegen 0.13/turn               A - ring of positive energy

@: heroic
A: horns 2, retaliatory headbutt, fangs 1, sense surroundings 1
a: Renounce Religion, Heroism, Finesse, Duel


You were on level 3 of the Lair of Beasts.
You worshipped Okawaru.
Okawaru was extremely pleased with you.
You visited 3 branches of the dungeon, and saw 15 of its levels.
You also visited: Ice Cave and Volcano.

You collected 817 gold pieces.

Inventory:

Hand Weapons
 a - a +1 long sword
 b - a +1 scimitar of flaming (weapon)
Missiles
 C - 2 throwing nets (quivered)
Armour
 c - a +0 buckler (worn)
 e - a +0 chain mail of fire resistance
 g - a +1 plate armour of positive energy (worn)
 s - a scarf of resistance (worn)
 y - +0 ice dragon scales
 J - a +0 pair of boots of rampaging (worn)
Jewellery
 f - a ring of ice
 n - a +4 ring of evasion (left hand)
 A - a ring of positive energy (right hand)
 I - an amulet of faith
Wands
 m - a wand of iceblast (3)
 o - a wand of acid (8)
 q - a wand of mindburst (23)
 u - a wand of digging (2)
 w - a wand of flame (22)
Scrolls
 h - a scroll of identify
 i - a scroll of blinking {unknown}
 k - 3 scrolls of amnesia
 l - a scroll of summoning {unknown}
 p - 2 scrolls of enchant armour {unknown}
 r - a scroll of fog {unknown}
 t - a scroll of fear {unknown}
 G - a scroll of noise {unknown}
Potions
 d - 3 potions of might
 j - a potion of invisibility
 v - 3 potions of brilliance
 x - 2 potions of lignification
 z - a potion of berserk rage
 B - 2 potions of resistance {unknown}
 D - 2 potions of haste {unknown}
 E - 4 potions of mutation
 F - a potion of cancellation {unknown}
 H - 3 potions of magic {unknown}


   Skills:
 + Level 13.7(18.7) Fighting
 + Level 15.6(20.6) Long Blades
 + Level 15.2(20.2) Armour
 + Level 2.6(7.6) Dodging
 + Level 1.0(6.0) Stealth
 + Level 10.8(15.8) Shields
 + Level 2.5 Invocations
 + Level 1.5 Evocations


You had 12 spell levels left.
You didn't know any spells.
Your spell library contained the following spells:

 Spells                   Type           Power      Damage    Failure   Level
 Apportation              Tloc           0%         N/A       97%         1
 Static Discharge         Conj/Air       0%         N/A       99%         2
 Gell's Gravitas          Tloc           0%         N/A       100%        3
 Teleport Other           Tloc           0%         N/A       100%        3
 Hailstorm                Conj/Ice       0%         3d3       100%        4
 Ice Form                 Ice/Tmut       0%         N/A       100%        4
 Alistair's Intoxication  Tmut/Pois      0%         N/A       100%        5
 Borgnjor's Vile Clutch   Necr/Erth      0%         N/A       100%        5
 Lightning Bolt           Conj/Air       0%         1d11      100%        5
 Dispersal                Tloc           0%         N/A       100%        6
 Eringya's Noxious Bog    Tmut/Pois      0%         N/A       100%        6
 Maxwell's Capacitive Co  Air            0%         ∞         100%        8
 Chain Lightning          Conj/Air       0%         N/A       100%        9
 Fire Storm               Conj/Fire      0%         5d1       100%        9
 Shatter                  Erth           0%         3d5*      100%        9
 Animate Skeleton         Necr           Unusable   N/A       N/A         1
 Summon Small Mammal      Summ           Unusable   N/A       N/A         1
 Simulacrum               Ice/Necr       Unusable   N/A       N/A         6

Dungeon Overview and Level Annotations

Branches:
Dungeon (11/15)            Temple (1/1) D:5            Lair (3/6) D:11
  Swamp (0/4) Lair:2          Orc (0/2) D:9           IceCv (visited)
Volcano (visited)
  Snake: Lair:2-4    Spider: Lair:2-4

Altars:
Ashenzari
Cheibriados
Dithmenos
Elyvilon
Fedhas
Gozag
Hepliaklqana
Kikubaaqudgha
Makhleb
Nemelex Xobeh
Okawaru
Qazlal
Ru
Sif Muna
Trog
Uskayaw
Vehumet
Wu Jian
Xom
Yredelemnul
Zin
The Shining One
Lugonu

Shops:
D:1 [   D:10 :

Annotations:
D:4 2 runed translucent doors, Peloso's ghost, amateur MiFi
D:7 2 transporters
D:10 Sonja
Lair:1 3 runed translucent doors, StLion's ghost, journeyman MiBe
Lair:2 1 runed translucent door, KamiKatze's ghost, journeyman GrCj


Innate Abilities, Weirdness & Mutations

You have a pair of horns on your head.
You reflexively headbutt those who attack you in melee.
You have very sharp teeth.
You passively map a small area around you.


Message History

You block the bullfrog's attack. The wolf barely misses you.
You furiously retaliate!
You headbutt the wolf, but do no damage.
You open the bullfrog like a pillowcase!!!
You burn the bullfrog.
You kill the bullfrog!
Okawaru accepts your kill. You block the wolf's attack.
Unknown command.
The cane toad gives a loud, deep croak!
You chop one of the eight-headed hydra's heads off!
The flame cauterises the wound!
You slash the seven-headed hydra! You burn the seven-headed hydra.
The seven-headed hydra is moderately wounded.
The wolf bites you.
* * * LOW HITPOINT WARNING * * *
You slice one of the seven-headed hydra's heads off!
The flame cauterises the wound!
You slash the six-headed hydra! You burn the six-headed hydra.
The six-headed hydra is heavily wounded.
The wolf closely misses you. The six-headed hydra bites you.
* * * LOW HITPOINT WARNING * * *
The six-headed hydra closely misses you.
The six-headed hydra bites you but does no damage.
The six-headed hydra bites you.
* * * LOW HITPOINT WARNING * * *
The six-headed hydra bites you but does no damage.
The six-headed hydra bites you.
* * * LOW HITPOINT WARNING * * *
You slice one of the six-headed hydra's heads off!
The flame cauterises the wound!
You slash the five-headed hydra! You burn the five-headed hydra.
You bite the five-headed hydra.
The five-headed hydra is almost dead.
The wolf bites you but does no damage.
You block the five-headed hydra's attack.
The five-headed hydra bites you.
* * * LOW HITPOINT WARNING * * *
The five-headed hydra bites you but does no damage.
The five-headed hydra bites you!
You die...

* * * * * , , .#.P
, .F...* , ......
, ,......#* ,,,, *
....F.. * , ,
.......#### ,, *
.......lD@# , ,
#......h## ...#
#.......#*#....,,
#.......##P....
###..............
.................,
.................
, ...#.##..†....##
, * , , , . ##
#...#.###


You could see a five-headed hydra, a cane toad, a basilisk and a wolf.

Vanquished Creatures
  A red draconian (Volcano)
  Fannar (Lair:1)
  Harold (D:8)
  4 hydras
  2 death yaks (IceCv)
  2 ironbound frosthearts (IceCv)
  5 two-headed ogres
  A centaur warrior (Volcano)
  An ice statue (IceCv)
  A black mamba (Lair:2)
  A gargoyle (D:10)
  2 torpor snails (Lair:1)
  3 cane toads
  Psyche (D:10)
  2 komodo dragons (Lair:1)
  3 rime drakes
  2 ice devils (Lair:1)
  A burning bush (Lair:2)
  2 trolls
  8 polar bears
  A hornet (D:9)
  5 fire bats (Volcano)
  3 shadows
  50 yaks
  2 wyverns
  A basilisk (Lair:2)
  A vampire (D:10)
  2 steam dragons
  Menkaure (D:6)
  2 two-headed ogre zombies (D:9)
  2 wargs (D:11)
  4 swamp worms (Lair:2)
  4 orc warriors
  4 water moccasins
  2 black bears
  A necrophage (D:6)
  16 wolves
  An ogre (D:5)
  8 centaurs
  2 phantoms
  9 bullfrogs
  A kobold brigand (D:5)
  2 scorpions
  A wyvern zombie (D:8)
  2 gnoll sergeants
  A water moccasin zombie (D:5)
  2 troll zombies (D:9)
  22 killer bees
  A wight (D:6)
  3 howler monkeys
  A vampire bat (D:3)
  6 lava snakes (Volcano)
  A bullfrog zombie (D:6)
  5 centaur zombies
  A gnoll shaman (D:5)
  A centaur skeleton (D:7)
  5 orc priests
  Crazy Yiuf (D:3)
  2 hounds
  A jelly (D:6)
  5 iguanas
  A bullfrog skeleton (D:5)
  Natasha (twice) (D:2)
  8 orc wizards
  A killer bee zombie (D:7)
  4 ogre zombies (D:9)
  A howler monkey zombie (D:6)
  15 gnolls
  3 adders
  A shadow imp (D:5)
  A white imp (D:8)
  2 ufetubi (D:5)
  An adder skeleton (D:4)
  A worm (D:3)
  2 dart slugs
  22 orcs
  13 bats
  4 endoplasms
  4 giant cockroaches
  7 hobgoblins
  7 jackals
  A quokka (D:3)
  3 ball pythons
  2 frilled lizards
  4 goblins
  A goblin skeleton (D:9)
  2 goblin zombies (D:9)
  2 hobgoblin zombies (D:9)
  9 kobolds
  4 orc skeletons (D:9)
  16 orc zombies (D:9)
  6 rats
379 creatures vanquished.

Vanquished Creatures (others)
  A shadow (D:9)
  4 fungi
  2 plants
7 creatures vanquished.

Grand Total: 386 creatures vanquished

Notes
Turn   | Place    | Note
-------+----------+-------------------------------------------
     0 | D:1      | Peloso the Minotaur Fighter began the quest for the Orb.
     0 | D:1      | Reached XP level 1. HP: 19/19 MP: 0/0
    55 | D:1      | Reached XP level 2. HP: 18/27 MP: 1/1
   154 | D:1      | Found Mouffu Unte's Armour Shop.
   406 | D:1      | Reached XP level 3. HP: 33/33 MP: 2/2
   520 | D:1      | Found a faded altar of an unknown god.
  1089 | D:2      | Noticed Natasha
  1096 | D:2      | Killed Natasha
  1097 | D:2      | Reached XP level 4. HP: 31/40 MP: 3/3
  1241 | D:2      | Noticed Natasha
  1247 | D:2      | Killed Natasha
  1454 | D:2      | Found the +4 robe of Augmentation {Str+4 Int+4 Dex+4}
  1639 | D:3      | Reached XP level 5. HP: 45/47 MP: 4/4
  1820 | D:3      | Found a runed translucent door.
  1821 | D:3      | Noticed Crazy Yiuf
  1850 | D:3      | You fall into a shaft and drop 2 floors!
  1850 | D:5      | Entered Level 5 of the Dungeon
  1895 | D:5      | Reached skill level 1 in Dodging
  1896 | D:5      | Reached skill level 5 in Long Blades
  2145 | D:5      | Reached XP level 6. HP: 53/53 MP: 5/5
  2208 | D:5      | Reached skill level 5 in Armour
  2214 | D:5      | Reached skill level 5 in Fighting
  2724 | D:3      | Found a stormy altar of Qazlal.
  2757 | D:3      | Found a white marble altar of Elyvilon.
  2799 | D:3      | Reached XP level 7. HP: 33/61 MP: 6/6
  3165 | D:3      | Killed Crazy Yiuf
  3258 | D:6      | Noticed Menkaure
  3472 | D:6      | Killed Menkaure
  3699 | D:5      | Reached skill level 5 in Shields
  3742 | D:5      | Found a staircase to the Ecumenical Temple.
  3799 | Temple   | Entered the Ecumenical Temple
  4336 | D:5      | Reached XP level 8. HP: 68/71 MP: 7/7
  4637 | D:4      | Found a large runed translucent door.
  4637 | D:4      | Found a large runed translucent door.
  4641 | D:4      | Noticed Peloso's ghost (amateur MiFi)
  6281 | D:7      | Found a corrupted altar of Lugonu.
  6282 | D:7      | Noticed a cyan ugly thing
  6282 | D:7      | Noticed a purple ugly thing
  6470 | D:7      | Found a transporter.
  6470 | D:7      | Noticed a purple ugly thing
  6472 | D:7      | Found a transporter.
  6789 | D:8      | Reached XP level 9. HP: 53/79 MP: 8/8
  7769 | D:8      | Noticed a troll
  7779 | D:8      | Killed a troll
  7780 | D:8      | Noticed a death knight
  8047 | D:8      | Reached skill level 10 in Long Blades
  8333 | D:9      | Reached skill level 10 in Armour
  8333 | D:9      | Reached XP level 10. HP: 66/90 MP: 9/9
  9011 | D:9      | Found an iron altar of Okawaru.
  9017 | D:9      | Became a worshipper of Warmaster Okawaru
  9025 | D:9      | Found a hazy altar of Hepliaklqana.
  9130 | D:9      | Noticed a two-headed ogre
  9137 | D:9      | Killed a two-headed ogre
  9667 | D:9      | Found a staircase to the Orcish Mines.
  9694 | D:9      | Reached * piety under Okawaru
 10064 | D:9      | Reached skill level 10 in Fighting
 10284 | D:9      | Reached ** piety under Okawaru
 10655 | D:10     | Entered Level 10 of the Dungeon
 10706 | D:10     | Noticed a two-headed ogre
 10712 | D:10     | Killed a two-headed ogre
 10751 | D:10     | Noticed Psyche
 10757 | D:10     | Noticed Erica
 10765 | D:10     | Noticed Erica
 10765 | D:10     | Erica changed into Erica the polar bear
 11040 | D:9      | Killed Erica the polar bear
 11041 | D:9      | Reached XP level 11. HP: 55/101 MP: 10/10
 11492 | D:10     | Killed Psyche
 11832 | D:10     | Reached skill level 1 in Evocations
 11975 | D:10     | Noticed Sonja
 12212 | D:10     | Found Rurih's Book Emporium.
 12396 | D:8      | Noticed Harold
 12406 | D:8      | Killed Harold
 12438 | D:8      | Noticed a skeletal warrior
 12952 | D:11     | Reached *** piety under Okawaru
 12970 | D:11     | Noticed a two-headed ogre
 12979 | D:11     | Killed a two-headed ogre
 12980 | D:11     | Reached skill level 1 in Invocations
 13032 | D:11     | Noticed a two-headed ogre
 13035 | D:11     | Noticed a two-headed ogre
 13047 | D:11     | Killed a two-headed ogre
 13345 | D:11     | Killed a two-headed ogre
 13345 | D:11     | Reached **** piety under Okawaru
 13682 | D:11     | Found a staircase to the Lair.
 14226 | Lair:1   | Entered Level 1 of the Lair of Beasts
 14243 | Lair:1   | Noticed Fannar
 14260 | Lair:1   | Killed Fannar
 14442 | Lair:1   | Found a frozen archway.
 14657 | IceCv    | Entered an ice cave
 14721 | IceCv    | Reached XP level 12. HP: 110/110 MP: 9/12
 14849 | IceCv    | Noticed a death yak
 14861 | IceCv    | Killed a death yak
 14861 | IceCv    | Noticed a death yak
 14868 | IceCv    | Killed a death yak
 14868 | IceCv    | Reached ***** piety under Okawaru
 15303 | IceCv    | Noticed an ironbound frostheart
 15303 | IceCv    | Noticed an ironbound frostheart
 15318 | IceCv    | Killed an ironbound frostheart
 15322 | IceCv    | Killed an ironbound frostheart
 15776 | IceCv    | Reached skill level 15 in Long Blades
 15779 | IceCv    | Identified the +8 war axe "Feuchiro" {speed, *Noise Str+4
                  | Int+6} (Okawaru gifted it to you in an ice cave)
 15779 | IceCv    | Received a gift from Okawaru
 16265 | IceCv    | Found the +4 skin of Zhor {*Englaciate rC+++ SInv}
 16891 | Lair:1   | Found the +8 demon blade "Leech" {vamp, Harm Drain rN+}
 16982 | Lair:1   | Noticed an eight-headed hydra
 16990 | Lair:1   | Killed a three-headed hydra
 17256 | Lair:1   | Found a snail-covered altar of Cheibriados.
 17276 | Lair:1   | Reached skill level 10 in Shields
 17276 | Lair:1   | Reached XP level 13. HP: 115/122 MP: 13/13
 17485 | Lair:1   | Found a runed translucent gate.
 17485 | Lair:1   | Found a runed translucent gate.
 17485 | Lair:1   | Found a runed translucent gate.
 17581 | Lair:1   | Noticed StLion's ghost (journeyman MiBe)
 17965 | Lair:2   | Found a dark tunnel.
 17977 | Lair:2   | Received a gift from Okawaru
 18284 | Volcano  | Entered a volcano
 18693 | Volcano  | Noticed a red draconian
 18695 | Volcano  | HP: 6/122 [centaur warrior (3)]
 18696 | Volcano  | HP: 1/122 [centaur warrior (5)]
 18719 | Volcano  | HP: 6/122 [centaur/arrow (1)]
 18742 | Volcano  | HP: 6/122 [centaur/arrow (7)]
 18744 | Volcano  | HP: 1/122 [centaur/arrow (2)]
 19353 | Volcano  | Killed a red draconian
 19441 | Volcano  | Found a radiant altar of Vehumet.
 19464 | Volcano  | Found a radiant altar of Vehumet.
 19811 | Lair:2   | Reached skill level 15 in Armour
 19811 | Lair:2   | Reached skill level 1 in Stealth
 20327 | Lair:2   | Found a staircase to the Swamp.
 20455 | Lair:2   | Found a runed translucent door.
 20455 | Lair:2   | Noticed KamiKatze's ghost (journeyman GrCj)
 20649 | Lair:3   | Gained mutation: You have very sharp teeth. [potion of
                  | mutation]
 20649 | Lair:3   | Gained mutation: You passively map a small area around you.
                  | [potion of mutation]
 20656 | Lair:3   | Slain by a five-headed hydra

Illustrated notes

Levels and vault maps discovered:
D:1:      minmay_arrival_shoal_huts, layout_rooms,
          ebering_ecumenical_altar_sacrificial, serial_shops, shop,
          serial_aquarium, aquarium_bridge_long_separate
          [aquarium_subvault_window, aquarium_subvault_bridge,
          aquarium_subvault_balcony, aquarium_subvault_wall,
          aquarium_subvault_bridge, aquarium_subvault_wall],
          aquarium_bridge_square [aquarium_subvault_wall,
          aquarium_subvault_balcony, aquarium_subvault_bridge,
          aquarium_subvault_bridge], aquarium_window_3, aquarium_window_fake,
          aquarium_window_1, aquarium_view_2d, aquarium_balcony_1b
D:2:      layout_basic, uniq_natasha
D:3:      layout_rooms, mainiacjoe_overflow_catch_the_wave, grunt_ministairs_10,
          roderic_batcave, uniq_crazy_yiuf_cottage
D:4:      layout_gridville, ebering_ghost_disaster_area
D:5:      layout_basic, minmay_temple_entry_stoned_glass
D:6:      layout_rooms, minmay_joined_circles, uniq_menkaure
D:7:      gammafunk_corrupted_shrine, layout_basic, bh_walls_and_bars
D:8:      layout_loops_cross, uniq_harold
D:9:      layout_irregular_city, mainiacjoe_overflow_big_doors,
          zombieorc2_lemuel, hangedman_abyss_or_decor_clamps
D:10:     layout_long_grid, serial_shops, shop, uniq_sonja, uniq_erica,
          uniq_psyche
D:11:     layout_gridville, erik_lair_orcish_takeover, dk_noncrumbling_3
Temple:   regret_index_temple_mists
Lair:1:   layout_gridlike, gammafunk_ghost_necromancy,
          portal_ice_cave_demonic_guard, dreamdust_deal_with_the_devil,
          kennysheep_snail_temple, uniq_fannar
Lair:2:   layout_roguey, palyth_hydra_swamp_entry, gammafunk_ghost_grave,
          nicolae_volcano_entry_lava_flow, evilmike_ambush
          [evilmike_ambush_outer_corners, evilmike_ambush_inner_basic]
Lair:3:   layout_cellular_growth, minmay_snake_entry_guardpost_small,
          grunt_forest_large_clearing_hut, infiniplex_staircase_pool_2

Skill      XL: |  1  2  3  4  5  6  7  8  9 10 11 12 13 |
---------------+----------------------------------------+-----
Armour         | 4 5 6 8 10 11 13 14 15 | 15.2
Shields        | 4 5 6 7 8 10 | 10.8
Fighting       | 4 5 6 7 8 10 11 13 | 13.7
Long Blades    | 3 4 5 6 7 9 10 12 14 15 | 15.6
Dodging        | 1 2 |  2.6
Evocations     | 1 |  1.5
Invocations    | 1 2 |  2.5
Stealth        | 1 |  1.0

Action                   |  1- 3 |  4- 6 |  7- 9 | 10-12 | 13-15 || total
-------------------------+-------+-------+-------+-------+-------++-------
Melee: Long sword        |    68 |   153 |   270 |   242 |       ||   733
       Headbutt          |     7 |    24 |    77 |   179 |    35 ||   322
       Scimitar          |       |       |       |   470 |   162 ||   632
       Bite              |       |       |       |       |     2 ||     2
Invok: Heroism           |       |       |       |    19 |     8 ||    27
Evoke: Wand              |       |       |     5 |     7 |       ||    12
  Use: Scroll            |       |     2 |     7 |     8 |     4 ||    21
       Potion            |       |       |     1 |     5 |     8 ||    14
Armor: Scale mail        |    32 |       |       |    20 |       ||    52
       Plate armour      |     7 |   125 |   203 |   308 |   175 ||   818
       Ice dragon scales |       |       |       |    42 |       ||    42
       Chain mail        |       |       |       |       |     9 ||     9
Dodge: Dodged            |    43 |    68 |    99 |   310 |    85 ||   605
Block: Buckler           |    15 |    43 |    80 |   216 |    71 ||   425
